 Dungeon Crawl Stone Soup version 0.29.1-15-g9cfb28693d (webtiles) character file.

Game seed: 18258819267565100270

41 javelincjr the Trooper (level 3, -3/43 HPs)
             Began as a Demonspawn Abyssal Knight on Mar 24, 2023.
             Was a Believer of Lugonu.
             Slain by Sigmund
             ... wielding a +0 scythe
              (5 damage)
             ... on level 2 of the Dungeon.
             The game lasted 00:04:40 (1883 turns).

javelincjr the Trooper (Demonspawn Abyssal Knight)  Turns: 1883, Time: 00:04:40

Health: -3/43      AC: 25    Str: 15    XL:     3   Next: 32%
Magic:  5/5        EV:  2    Int: 15    God:    Lugonu [**....]
Gold:   29         SH:  0    Dex: 13    Spells: 2/3 levels left

rFire   . . .      SeeInvis .   a - +1 hand axe
rCold   . . .      Faith    .   (no shield)
rNeg    . . .      Spirit   .   (body armour currently unavailable)
rPois   +          Reflect  .   (helmet currently unavailable)
rElec   .          Harm     .   (cloak currently unavailable)
rCorr   .          Rampage  .   (gloves currently unavailable)
Will    .....      NoTele   +   (boots currently unavailable)
Stlth   +.........              (no amulet)
HPRegen 0.14/turn               i - +4 ring of protection
MPRegen 0.09/turn               (no ring)

@: confused, brilliant, tree-form, attractive
A: stationary, stasis, torment immunity, boosted hp, big brain 2
a: Renounce Religion, Depart the Abyss, Bend Space


You were on level 2 of the Dungeon.
You worshipped Lugonu.
Lugonu was pleased with you.
You were a tree.
You visited 1 branch of the dungeon, and saw 2 of its levels.
You visited the Abyss 1 time.

You collected 29 gold pieces.

Inventory:

Hand Weapons
 a - a +1 hand axe (weapon)
Armour
 b - a +0 leather armour (melded)
Magical Staves
 d - a staff of air
Jewellery
 i - a +4 ring of protection (left branch)
 j - a ring of positive energy
Scrolls
 c - 2 scrolls of brand weapon {unknown}
 f - a scroll of enchant weapon {unknown}
 h - a scroll of summoning {unknown}
 m - a scroll of identify {unknown}


   Skills:
 * Level 3.4 Fighting
 + Level 2.0 Axes
 + Level 2.1 Armour
 + Level 1.3 Dodging
 + Level 0.5 Spellcasting
 + Level 3.0 Invocations


You had 2 spell levels left.
You knew the following spells:

 Your Spells              Type           Power      Damage    Failure   Level
a - Sandblast             Erth           0%         2d4       26%         1

Your spell library contained the following spells:

 Spells                   Type           Power      Damage    Failure   Level
 Necrotise                Necr           0%         1d4       26%         1
 Passwall                 Tmut/Erth      0%         N/A       36%         2
 Stone Arrow              Conj/Erth      0%         3d7       61%         3
 Vampiric Draining        Necr           0%         2d6       61%         3
 Agony                    Necr           0%         N/A       100%        5


Dungeon Overview and Level Annotations

Branches:
Dungeon (2/15)

Altars:

Annotations:
D:2 Sigmund


Innate Abilities, Weirdness & Mutations

You are a tree.
Your roots penetrate the ground, keeping you stationary.
You cannot be teleported.
You are immune to unholy pain and torment.
Your maximum health is greatly increased.
Your equipment is partially melded.
You have an extremely huge brain. (Int +4)


Message History

You bump into the rock wall.
Sigmund mumbles some strange words.
Sigmund flickers and vanishes!
Deactivating autopickup; reactivate with Ctrl-A.
You miss something. Something hits you but does no damage.
It was a potion of attraction.
You feel attractive to monsters.
You feel less confused. Something hits you.
* * * LOW HITPOINT WARNING * * *
It was a potion of magic.
Magic courses through your body.
It was a potion of lignification.
You turn into a tree.
Your +0 leather armour melds into your body.
Your roots penetrate the ground.
Something hits you but does no damage.
It was a potion of brilliance.
You feel clever all of a sudden.
You hear some strange, mumbled words.
A puff of flame appears from out of thin air!
The puff of flame hits you but does no damage.
It was a potion of curing.
You feel better. Something hits you.
You cannot move.
You cannot move.
You cannot move.
You hit something but do no damage. You miss something.
Something hits you but does no damage.
You barely miss something. Something hits you but does no damage.
You barely miss something. Something hits you.
* * * LOW HITPOINT WARNING * * *
You closely miss something.
You hear some strange, mumbled words.
You are confused.
You attack the rock wall.
Something hits you!
* * * LOW HITPOINT WARNING * * *
You completely miss something. Something hits you but does no damage.
You barely miss something.
You nearly hit yourself!
You hear some strange, mumbled words.
You are more confused.
You closely miss something. Something hits you but does no damage.
You nearly hit yourself!
Something hits you.
You die...

### ###### ##.##
#.....####...##
#.............##
.......#.......####
......{♣!..........
#.....##.......###
##### ##.....##
##...## #..## #.##
#.# ##.###.#
#......# ...


There were no monsters in sight!

Vanquished Creatures
  A gnoll (D:1)
  An adder (D:2)
  A worm (D:2)
  A dart slug (D:1)
  4 endoplasms (D:2)
  2 goblins
  2 hobgoblins (D:1)
  A kobold (D:2)
  A quokka (D:1)
  A bat (D:1)
  A rat (D:1)
16 creatures vanquished.

Notes
Turn   | Place    | Note
-------+----------+-------------------------------------------
     0 | Abyss:1  | javelincjr the Demonspawn Abyssal Knight began the quest
                  | for the Orb.
     0 | Abyss:1  | Reached XP level 1. HP: 18/18 MP: 2/2
    85 | Abyss:1  | Noticed a chaos spawn
    91 | D:1      | Escaped the Abyss
   339 | D:1      | Found a faded altar of an unknown god.
   355 | D:1      | Reached skill level 1 in Dodging
   355 | D:1      | Gained mutation: You have an unusually large brain. (Int
                  | +2) [demonic ancestry]
   355 | D:1      | Reached XP level 2. HP: 3/24 MP: 4/4
  1481 | D:2      | Learned a level 1 spell: Sandblast
  1512 | D:2      | Gained mutation: You have an extremely huge brain. (Int +4)
                  | [demonic ancestry]
  1512 | D:2      | Reached XP level 3. HP: 26/29 MP: 5/5
  1612 | D:2      | Reached ** piety under Lugonu
  1851 | D:2      | Noticed Sigmund
  1878 | D:2      | HP: 1/43 [something (8)]
  1883 | D:2      | Slain by Sigmund

Illustrated notes

Levels and vault maps discovered:
D:1:      wander_arrival_lonely_grave, layout_basic,
          shapermc_ecumenical_altar_starsandcircs,
          hangedman_abyss_or_decor_lesser_grid,
          nicolae_concentric_dashed_squares_mild
D:2:      layout_loops_ring, uniq_sigmund

Skill      XL: |  1  2  3 |
---------------+----------+-----
Dodging        | 1 |  1.3
Axes           | 2 |  2.0
Armour         | 2 |  2.1
Invocations    | 3 |  3.0
Fighting       | |  3.4
Spellcasting   | |  0.5

Action                   || total
-------------------------++-------
Melee: Hand axe          ||    74
Invok: Depart the Abyss  ||     1
  Use: Potion            ||     5
 Stab: Sleeping          ||     1
Armor: Leather armour    ||    18
       Skin              ||     6
Dodge: Dodged            ||    27
